[Event "Mitropa Cup Open 2019"]
[Site "Radenci"]
[Date "2019.06.03"]
[Round "8.12"]
[White "Gaehwiler, Gabriel"]
[Black "Miesbauer, Jan"]
[Result "1-0"]
[ECO "E60"]
[WhiteElo "2431"]
[BlackElo "2407"]
[Annotator "ChessBase"]
[PlyCount "51"]
[EventDate "2019.05.27"]
[EventType "team-tourn"]
[EventCountry "SLO"]
[SourceTitle "playchess.com"]
[Source "ChessBase"]
[SourceQuality "1"]
[WhiteTeam "Switzerland"]
[BlackTeam "Czech Republic"]
[WhiteTeamCountry "SUI"]
[BlackTeamCountry "CZE"]
[TimeControl "40/5400+30:1800+30"]

1. d4 Nf6 2. c4 g6 3. g3 Bg7 4. Bg2 O-O 5. Nf3 d6 6. O-O Nbd7 7. b3 e5 8. Bb2 e4 9. Nfd2 Qe7 10. e3 Nb6 11. Nc3 Bf5 12. f3 exf3 13. Qxf3 Rfe8 14. e4 Bg4 15. Qf2 Bd7 16. h3 c5 17. e5 dxe5 18. dxe5 Nh5 19. Rae1 Bh8 20. g4 Ng7 21. Nd5 Nxd5 22. cxd5 Rf8 23. Ne4 Ne8 24. Nxc5 Bb5 25. d6 Qg5 26. Ne6 1-0

[Event "Mitropa Cup Open 2019"]
[Site "Radenci"]
[Date "2019.06.03"]
[Round "8.14"]
[White "Kovacevic, Blazimir"]
[Black "Sonis, Francesco"]
[Result "1-0"]
[ECO "D02"]
[WhiteElo "2456"]
[BlackElo "2475"]
[Annotator "ChessBase"]
[PlyCount "67"]
[EventDate "2019.05.27"]
[EventType "team-tourn"]
[EventCountry "SLO"]
[SourceTitle "playchess.com"]
[Source "ChessBase"]
[SourceQuality "1"]
[WhiteTeam "Croatia"]
[BlackTeam "Italy"]
[WhiteTeamCountry "CRO"]
[BlackTeamCountry "ITA"]
[TimeControl "40/5400+30:1800+30"]

1. Nf3 d5 2. g3 Nc6 3. d4 Bf5 4. Bg2 e6 5. O-O Nf6 6. c4 Bd6 7. Bg5 Be7 8. cxd5 exd5 9. Nc3 O-O 10. Rc1 Ne4 11. Bxe7 Nxe7 12. Nh4 Nxc3 13. bxc3 Be6 14. c4 c6 15. cxd5 Bxd5 16. Qa4 Qd6 17. Bxd5 Qxd5 18. e4 Qd7 19. Rfd1 Rfd8 20. Qb3 Rab8 21. Nf3 Qe8 22. Qb4 f6 23. Qa4 Rd7 24. Re1 a6 25. d5 Rbd8 26. Nd4 cxd5 27. e5 f5 28. e6 Rd6 29. Qb3 Nc6 30. e7 R8d7 31. Nxf5 Rf6 32. Qd3 h5 33. Rc5 g6 34. Rxd5 1-0

[Event "Mitropa Cup Open 2019"]
[Site "Radenci"]
[Date "2019.06.03"]
[Round "8.15"]
[White "Shytaj, Luca"]
[Black "Tica, Sven"]
[Result "1-0"]
[ECO "B19"]
[WhiteElo "2490"]
[BlackElo "2417"]
[Annotator "ChessBase"]
[PlyCount "57"]
[EventDate "2019.05.27"]
[EventType "team-tourn"]
[EventCountry "SLO"]
[SourceTitle "playchess.com"]
[Source "ChessBase"]
[SourceQuality "1"]
[WhiteTeam "ITA"]
[BlackTeam "CRO"]
[BlackTeamCountry "CRO"]
[TimeControl "40/5400+30:1800+30"]

1. e4 c6 2. d4 d5 3. Nc3 dxe4 4. Nxe4 Bf5 5. Ng3 Bg6 6. h4 h6 7. Nf3 e6 8. h5 Bh7 9. Bd3 Bxd3 10. Qxd3 Nf6 11. Bd2 c5 12. Ne4 Nbd7 13. O-O-O Be7 14. Kb1 O-O 15. g4 Nxg4 16. Qe2 f5 17. Nc3 Qb6 18. Ne5 Ngxe5 19. dxe5 Rad8 20. Bf4 Nb8 21. Rdg1 Kh8 22. Rg6 Rf7 23. Rhg1 Rd4 24. Qe3 Bf8 25. Qg3 Qb4 26. Rxh6+ Kg8 27. Qg6 Rfd7 28. Qh7+ Kf7 29. Rf6+ 1-0

[Event "Mitropa Cup Open 2019"]
[Site "Radenci"]
[Date "2019.06.03"]
[Round "8.16"]
[White "Srbis, Jurica"]
[Black "Lodici, Lorenzo"]
[Result "1-0"]
[ECO "B18"]
[WhiteElo "2429"]
[BlackElo "2453"]
[Annotator "ChessBase"]
[PlyCount "89"]
[EventDate "2019.05.27"]
[EventType "team-tourn"]
[EventCountry "SLO"]
[SourceTitle "playchess.com"]
[Source "ChessBase"]
[SourceQuality "1"]
[WhiteTeam "Croatia"]
[BlackTeam "Italy"]
[WhiteTeamCountry "CRO"]
[BlackTeamCountry "ITA"]
[TimeControl "40/5400+30:1800+30"]

1. e4 c6 2. d4 d5 3. Nc3 dxe4 4. Nxe4 Bf5 5. Ng3 Bg6 6. c3 Nf6 7. Nh3 e6 8. Nf4 Nbd7 9. h4 e5 10. Qe2 Qe7 11. Nxg6 hxg6 12. Be3 Nd5 13. Bg5 f6 14. Bd2 exd4 15. cxd4 Nb4 16. Bxb4 Qxe2+ 17. Nxe2 Bxb4+ 18. Nc3 g5 19. h5 Nb6 20. O-O-O Bxc3 21. bxc3 Nd5 22. Re1+ Kf8 23. Kc2 g6 24. h6 Re8 25. Rxe8+ Kxe8 26. Bc4 Ne7 27. Be6 Rh7 28. g4 Kf8 29. Kd3 Ng8 30. Bxg8 Kxg8 31. a4 Re7 32. h7+ Kh8 33. Rh6 Re6 34. a5 Rd6 35. c4 c5 36. d5 Ra6 37. Ke4 Rxa5 38. d6 Ra2 39. Kd5 Rd2+ 40. Ke6 b5 41. cxb5 c4 42. d7 c3 43. Rh1 c2 44. Rc1 Kxh7 45. Rxc2 1-0

[Event "Mitropa Cup Open 2019"]
[Site "Radenci"]
[Date "2019.06.03"]
[Round "8.19"]
[White "Di Nicolantonio, Lucas"]
[Black "Repka, Christopher"]
[Result "1/2-1/2"]
[ECO "C45"]
[WhiteElo "2379"]
[BlackElo "2482"]
[Annotator "ChessBase"]
[PlyCount "84"]
[EventDate "2019.05.27"]
[EventType "team-tourn"]
[EventCountry "SLO"]
[SourceTitle "playchess.com"]
[Source "ChessBase"]
[SourceQuality "1"]
[WhiteTeam "France"]
[BlackTeam "Slovakia"]
[WhiteTeamCountry "FRA"]
[BlackTeamCountry "SVK"]
[TimeControl "40/5400+30:1800+30"]

1. e4 e5 2. Nf3 Nc6 3. d4 exd4 4. Nxd4 Nf6 5. Nxc6 bxc6 6. e5 Qe7 7. Qe2 Nd5 8. c4 Ba6 9. Nd2 g6 10. Nf3 Nb6 11. b3 Bg7 12. Bg5 Qe6 13. O-O-O O-O 14. Qe3 Rfe8 15. h4 d5 16. exd6 Qf5 17. Qd2 Qc5 18. Be3 Qa3+ 19. Kb1 Bxc4 20. Qc1 Qxc1+ 21. Rxc1 Bd5 22. Bd3 cxd6 23. h5 Nd7 24. hxg6 hxg6 25. Rh4 a5 26. Bc4 Bxc4 27. Rhxc4 c5 28. Rd1 d5 29. Rxd5 Nb6 30. Rdxc5 Nxc4 31. Rxc4 Rac8 32. Nd2 Rcd8 33. Kc2 Rd5 34. g4 Bf6 35. Ne4 Bd8 36. a3 Rde5 37. Kd3 Be7 38. b4 Rb8 39. Bf4 Rd5+ 40. Kc2 Rbd8 41. Be3 Rb8 42. Nc3 Rd7 1/2-1/2

[Event "Mitropa Cup Open 2019"]
[Site "Radenci"]
[Date "2019.06.04"]
[Round "9.11"]
[White "Gaehwiler, Gabriel"]
[Black "Shytaj, Luca"]
[Result "0-1"]
[ECO "E11"]
[WhiteElo "2431"]
[BlackElo "2490"]
[Annotator "RC"]
[PlyCount "86"]
[EventDate "2019.05.27"]
[EventType "team-tourn"]
[EventCountry "SLO"]
[SourceTitle "playchess.com"]
[Source "ChessBase"]
[SourceQuality "1"]
[WhiteTeam "SUI"]
[BlackTeam "ITA"]
[WhiteTeamCountry "SUI"]
[TimeControl "40/5400+30:1800+30"]

1. d4 Nf6 2. c4 e6 3. Nf3 Bb4+ 4. Bd2 a5 5. g3 d6 6. Bg2 Nbd7 7. O-O e5 8. e3 Bxd2 9. Qxd2 O-O 10. Nc3 Re8 11. e4 c6 12. Rfe1 a4 13. b3 axb3 14. axb3 Rxa1 15. Rxa1 Qb6 16. Rb1 Qb4 17. d5 h6 18. Ne1 cxd5 19. Nc2 Qb6 20. cxd5 Nf8 21. Na3 Bd7 22. Nc4 Qc7 23. Rc1 b5 24. Ne3 Qb6 25. Ne2 Ra8 26. h3 h5 27. Qb4 Ra2 28. Rc2 Rxc2 29. Nxc2 h4 30. g4 Ng6 31. Ne3 Qc7 32. Nf5 Nf4 33. Nxf4 Qc1+ 34. Kh2 Qxf4+ 35. Kg1 Bxf5 36. gxf5 Qc1+ 37. Bf1 Qc2 38. Qxd6 Qxf2+ 39. Kxf2 Nxe4+ 40. Kf3 Nxd6 41. Kg4 b4 42. Bd3 Kf8 43. Kxh4 e4 0-1